 Dungeon Crawl Stone Soup version 0.18-b1-22-ge198996 (webtiles) character file.

63 flopdemafkees the Grasshopper (level 3, -3/30 HPs)
             Began as a Centaur Warper on May 4, 2016.
             Slain by Natasha (8 damage)
             ... on level 2 of the Dungeon.
             The game lasted 00:06:03 (1311 turns).

flopdemafkees the Grasshopper (Centaur Warper)      Turns: 1311, Time: 00:06:04

Health: -3/30      AC:  5    Str: 13    XL:     3   Next: 87%
Magic:  6/6        EV: 16    Int: 13    God:
Gold:   47         SH:  0    Dex: 13    Spells: 3 memorised, 0 levels left

rFire  . . .     SeeInvis .     a - +0 spear
rCold  . . .     Gourm    .     b - +1 leather armour
rNeg   + . .     Faith    .     (no shield)
rPois  .         Spirit   .     (no helmet)
rElec  .         Dismiss  .     (no cloak)
rCorr  .         Reflect  .     (no gloves)
SustAt .         Harm     .     (no barding)
MR     .....                    m - amulet of inaccuracy (curse)
Stlth  ++........               (no ring)
                                l - ring of positive energy (curse)

@: agile, flying, slowed, not resistant to hostile enchantments, unstealthy
A: hooves 3, repulsion field 1, deformed body, speed 2, mutation resistance 1,
tough skin 3
a: no special abilities


You were on level 2 of the Dungeon.
You were hungry.

You visited 1 branch of the dungeon, and saw 2 of its levels.

You collected 47 gold pieces.

Inventory:

Hand Weapons
 a - a +0 spear (weapon)
Missiles
 e - 5 tomahawks of dispersal (quivered)
Armour
 b - a +1 leather armour (worn)
Jewellery
 l - a cursed ring of positive energy (left hand)
 m - a cursed amulet of inaccuracy (around neck)
Scrolls
 d - 2 scrolls of blinking
 h - 2 scrolls of identify
Books
 c - a book of Spatial Translocations

   Spells                             Type                      Level
   a - Apportation                    Translocation                1
   b - Blink                          Translocation                2
   c - Shroud of Golubria             Charms/Translocation         2
   d - Portal Projectile              Translocation                3
   e - Teleport Other                 Translocation                3
   f - Passage of Golubria            Translocation                4
Comestibles
 f - 3 bread rations
 i - 3 beef jerkies
 q - 2 meat rations


   Skills:
 + Level 2.8 Fighting
 - Level 1.7 Polearms
 - Level 1.1 Throwing
 - Level 0.6 Armour
 - Level 1.5 Dodging
   Level 0.3 Shields
 + Level 2.1 Spellcasting
 + Level 3.3 Translocations


You couldn't memorise any spells.
You knew the following spells:

 Your Spells              Type           Power        Failure   Level  Hunger
a - Apportation           Tloc           #.........   12%         1    ##.....
b - Blink                 Tloc           N/A          14%         2    ###....
c - Teleport Other        Tloc           #.......     28%         3    ####...


Dungeon Overview and Level Annotations

Branches:
Dungeon (2/15)

Altars:

Annotations:
D:2 Natasha, Sigmund


Innate Abilities, Weirdness & Mutations

You have hooves in place of feet.
Armour fits poorly on your strangely shaped body.
You cover ground very quickly.
You have extremely tough skin (AC +3).
You are surrounded by a mild repulsion field (EV +2).
You are somewhat resistant to further mutation.


Message History

You closely miss Natasha.
Natasha is heavily wounded.
Natasha casts a spell at you.
You feel yourself slow down.
You miss Natasha.
Natasha is heavily wounded.
Natasha closely misses you.
You barely miss Natasha. Your kick misses Natasha.
Natasha is heavily wounded.
Natasha claws you. x2
* * * LOW HITPOINT WARNING * * *
Drink which item? (? for menu, Esc to quit)
You feel agile all of a sudden.
Natasha casts a spell.
The iron imp puffs mist at you.
You closely miss Natasha.
Natasha is heavily wounded.
Natasha completely misses you. The shadow imp barely misses you.
Natasha claws you!
You die...

##### ####### ###### #...#
#...... #....# #...# #......
#....#####...# #......
######....##@5....# #......
.......[..##h#....# #....[.
...........5g#....# #......
.......#######....#####......
.............†.[.......####..
..........#..##........## ###
.g..... ................## #
..h.... #####....######..###.
...###. ..#.### ##.....


You could see an iron imp, Natasha, a shadow imp and a goblin.

Vanquished Creatures
  Terence (D:2)
  A dart slug (D:1)
  2 giant geckos
  7 bats
  2 giant cockroaches
  4 goblins
  5 hobgoblins
  A ball python (D:2)
  2 giant newts
  3 kobolds
  4 rats
32 creatures vanquished.

Notes
Turn   | Place    | Note
--------------------------------------------------------------
     0 | D:1      | flopdemafkees the Centaur Warper began the quest for the Orb.
     0 | D:1      | Reached XP level 1. HP: 17/17 MP: 3/3
   197 | D:1      | Reached XP level 2. HP: 14/24 MP: 4/4
   655 | D:1      | Reached skill level 3 in Translocations
   851 | D:2      | Noticed Terence
   860 | D:2      | Killed Terence
   860 | D:2      | Reached XP level 3. HP: 19/30 MP: 4/6
   906 | D:2      | Found a faded altar to an unknown god.
   970 | D:2      | Noticed Sigmund
  1063 | D:2      | Gained mutation: You are surrounded by a mild repulsion field (EV +2). [potion of beneficial mutation]
  1064 | D:2      | Gained mutation: You are somewhat resistant to further mutation. [potion of beneficial mutation]
  1245 | D:2      | Learned a level 2 spell: Blink
  1249 | D:2      | Learned a level 3 spell: Teleport Other
  1289 | D:2      | Noticed Natasha
  1311 | D:2      | Slain by Natasha

Skill      XL: |  1  2 |
---------------+-------+-----
Translocations | 3 |  3.3
Spellcasting   | 2 |  2.1
Fighting       | |  2.8
Polearms       | |  1.7
Throwing       | |  1.1
Armour         | |  0.6
Dodging        | |  1.5
Shields        | |  0.3

Action                   || total
-------------------------++-------
Melee: Spear             ||   127
       Kick              ||     9
  Use: Potion            ||     5
       Scroll            ||     5
Armor: Leather armour    ||    47
Dodge: Dodged            ||    65
